 Dungeon Crawl Stone Soup version 0.22-a0-422-g9628fc8 (webtiles) character file.

67 Jynxie the Grave Robber (level 3, -13/29 HPs)
             Began as a Demonspawn Wanderer on May 22, 2018.
             Killed by divine providence
             ... invoked by an orc priest
              (16 damage)
             ... on level 2 of the Dungeon.
             The game lasted 00:09:43 (1860 turns).

Jynxie the Grave Robber (Demonspawn Wanderer)       Turns: 1860, Time: 00:09:44

Health: -13/29     AC: 10    Str: 17    XL:     3   Next: 98%
Magic:  6/6        EV:  6    Int: 10    God:
Gold:   57         SH:  0    Dex: 11    Spells: 5/6 levels left

rFire    . . .     SeeInvis .   l - +0 hand axe
rCold    + . .     Gourm    .   (no shield)
rNeg     . . .     Faith    .   d - +0 chain mail (curse)
rPois    .         Spirit   .   (no helmet)
rElec    .         Reflect  .   (no cloak)
rCorr    .         Harm     .   a - +0 pair of gloves (curse)
MR       .....                  (no boots)
Stlth    ..........             (no amulet)
HPRegen  0.09/turn              (no ring)
MPRegen  0.10/turn              (no ring)

@: no status effects
A: rugged brown scales 1, cold resistance 1
a: no special abilities


You were on level 2 of the Dungeon.
You were not hungry.

You visited 1 branch of the dungeon, and saw 2 of its levels.

You collected 57 gold pieces.

Inventory:

Hand Weapons
 l - a +0 hand axe (weapon)
   (You found it on level 2 of the Dungeon)
Armour
 a - a cursed +0 pair of gloves (worn)
   (You found it on level 1 of the Dungeon)
 c - a +0 ring mail
 d - a cursed +0 chain mail (worn)
   (You found it on level 1 of the Dungeon)
Scrolls
 b - a scroll of magic mapping {unknown}
 f - a scroll of teleportation {unknown}
 h - a scroll of remove curse {unknown}
Potions
 g - 2 potions of might {unknown}
 i - a potion of lignification {unknown}
 j - a potion of mutation {unknown}
 k - a potion of degeneration {unknown}
Comestibles
 e - 6 rations {!d}


   Skills:
 * Level 3.0 Fighting
 * Level 0.9 Axes
   Level 0.0(0.3) Maces & Flails
   Level 1.0 Bows
 - Level 1.7 Throwing
 - Level 1.0 Armour
 - Level 2.0 Spellcasting
 + Level 3.1 Necromancy
   Level 1.0 Air Magic


You had 5 spell levels left.
You knew the following spells:

 Your Spells              Type           Power        Failure   Level  Hunger
z - Animate Skeleton      Necr           N/A          83%         1    ##.....

Your spell library contained the following spells:

 Spells                   Type           Power        Failure   Level  Hunger
 Animate Dead             Necr           N/A          100%        4    #####..
 Pain                     Necr           #...         83%         1    ##.....
 Vampiric Draining        Necr           #.........   99%         3    ####...
 Regeneration             Chrm/Necr      #.........   100%        3    ####...
 Flame Tongue             Conj/Fire      #....        99%         1    ##.....
 Static Discharge         Conj/Air       #.......     100%        3    ####...


Dungeon Overview and Level Annotations

Branches:
Dungeon (2/15)

Altars:


Innate Abilities, Weirdness & Mutations

You are partially covered in rugged brown scales. (AC +1, +3% HP)
Your flesh is cold resistant. (rC+)


Message History

There is nothing here that can be animated!
Unknown command.
You see here a bat skeleton.
You miscast Animate Skeleton.
You are very lightly contaminated with residual magic.
Strange energies run through your body.
You miscast Animate Skeleton.
Your bones ache.
An orc and an orc priest come into view.
The orc shouts!
The orc priest shouts!
You hear a shout!
The orc throws a tomahawk of returning.
The tomahawk of returning hits you.
The weapon returns to the orc!
An orc wizard comes into view. It is wielding a dagger.
You hear a shout!
You see here a bat skeleton.
You attempt to give life to the dead...
The dead are flying!
You swap places.
There is an open door here.
The orc priest looks satisfied for a moment.
You swap places.
The orc priest invokes the aid of Beogh against you.
Beogh smites you!
You swap places.
The orc priest hits your bat skeleton with a war axe!
Your bat skeleton is destroyed!
The orc priest invokes the aid of Beogh against you.
You barely resist.
The orc priest mumbles some strange prayers to Beogh against you.
Pain shoots through your body!
* * * LOW HITPOINT WARNING * * *
Your magical contamination has completely faded away.
There is an open door here.
The orc priest begins to cast a cantrip, but forgets the words!
You see here a short sword.
The orc priest calls down the wrath of Beogh upon you.
Beogh smites you!
Ouch! That really hurt!
* * * LOW HITPOINT WARNING * * *
You see here a leather armour.
There is an open door here.
There is a stone staircase leading down here.
You start resting.
The orc priest is too close now for your liking.
You hit the orc priest. The orc priest hits you with a war axe.
* * * LOW HITPOINT WARNING * * *
The orc wizard miscasts a cantrip.
You hit the orc priest.
The orc priest calls down the wrath of Beogh upon you.
Beogh smites you!
Ouch! That really hurt!
You die...

#..#.......#
##.#.......#
#######.#....####
#......).....###########
#......................#
#.........############.#
#(.......>........# #.#
#.......#...#####.####.#
######'##.#.#.@.....##.#
#.##.#.#.#o#.#.##.#
#..#.#.#.#.#.#.##.#
##.#.#.###o#.#.##.#
#.#.#.....#.#.##.###
#.#.#######.#.##...#
#.#.........#.####.#
#.###########......# #.#
########


You could see an orc priest and an orc wizard.

Vanquished Creatures
  Terence (D:2)
  An adder (D:2)
  An ooze (D:2)
  A leopard gecko (D:1)
  4 bats
  A giant cockroach (D:1)
  6 goblins
  2 hobgoblins
  3 kobolds
  A quokka (D:2)
  A ball python (D:2)
  2 frilled lizards (D:1)
  4 rats
28 creatures vanquished.

Notes
Turn   | Place    | Note
-------+----------+-------------------------------------------
     0 | D:1      | Jynxie the Demonspawn Wanderer began the quest for the Orb.
     0 | D:1      | Jynxie set off with: a +0 ring mail, a +0 club, a ration {!d}
     0 | D:1      | Reached XP level 1. HP: 15/15 MP: 3/3
     3 | D:1      | Learned a level 1 spell: Animate Skeleton
   497 | D:1      | Gained mutation: Your flesh is cold resistant. (rC+) [demonic ancestry]
   497 | D:1      | Reached XP level 2. HP: 22/22 MP: 5/5
   917 | D:2      | Noticed Terence
   940 | D:2      | Killed Terence
   940 | D:2      | Gained mutation: You are partially covered in rugged brown scales. (AC +1, +3% HP) [demonic ancestry]
   940 | D:2      | Reached XP level 3. HP: 14/28 MP: 6/6
  1816 | D:2      | HP: 1/29 [orc priest/divine providence (15)]
  1860 | D:2      | Killed from afar by an orc priest

Vault maps used:
D:1:      dpeg_arrival_pits
D:2:      uniq_terence

Skill      XL: |  1  2  3 |
---------------+----------+-----
Fighting       | 2 3 |  3.0
Necromancy     | 3 |  3.1
Axes           | |  0.9
Bows           | |  1.0
Throwing       | |  1.7
Armour         | |  1.0
Spellcasting   | |  2.0
Air Magic      | |  1.0

Action                   || total
-------------------------++-------
Melee: Short sword       ||    92
       Hand axe          ||    62
 Cast: Animate Skeleton  ||     1
  Eat: Chunk             ||     3
Armor: Chain mail        ||   111
Dodge: Dodged            ||    57

Table legend:
 A = Spawn XP
 B = Non-spawn XP
 C = Spawn XP percentage of total XP
 D = Spawn monster count
 E = Non-spawn monster count
 F = Spawn count percentage of total count
 G = Total turns spent on level
                    A         B        C        D         E        F      G
               +---------+---------+-------+---------+---------+-------+---------
         Total |       0 |      96 |   0.0 |       0 |      28 |   0.0 |  1860
               +---------+---------+-------+---------+---------+-------+---------
           D:1 |       0 |      20 |   0.0 |       0 |      12 |   0.0 |   914
           D:2 |       0 |      76 |   0.0 |       0 |      16 |   0.0 |   946
               +---------+---------+-------+---------+---------+-------+---------
